 Dungeon Crawl Stone Soup version 0.30-a0-476-g330ca2eb8e (webtiles) character file.

Game seed: 12249142196353625321

616 experimilk the Destroyer (level 7, -4/50 HPs)
             Began as a Grey Draconian Conjurer on Dec 22, 2022.
             Was an Initiate of Sif Muna.
             Slain by a two-headed ogre
             ... wielding a +0 giant club
              (10 damage)
             ... on level 5 of the Dungeon.
             The game lasted 00:10:13 (6692 turns).

experimilk the Destroyer (Grey Draconian Conjurer)  Turns: 6692, Time: 00:10:14

Health: -4/50      AC: 15    Str:  9    XL:     7   Next: 21%
Magic:  11/11      EV: 12    Int: 21    God:    Sif Muna [......]
Gold:   289        SH:  0    Dex:  9    Spells: 4/12 levels left

rFire   . . .      SeeInvis .    y - +1 dagger (venom)
rCold   . . .      Faith    .    (no shield)
rNeg    . . .      Spirit   .    (body armour unavailable)
rPois   .          Reflect  .    (helmet restricted)
rElec   .          Harm     .    (no cloak)
rCorr   +          Rampage  .    g - +1 pair of gloves
Will    .....                    p - +1 pair of boots
Stlth   ++........               (no amulet)
HPRegen 0.28/turn                b - ring of resist corrosion
MPRegen 0.12/turn                (no ring)

@: no status effects
A: AC +11, amphibious, unfitting armour, cold-blooded
a: Renounce Religion


You were on level 5 of the Dungeon.
You worshipped Sif Muna.
Sif Muna was noncommittal.
You visited 2 branches of the dungeon, and saw 6 of its levels.

You collected 289 gold pieces.

Inventory:

Hand Weapons
 y - a +1 dagger of venom (weapon)
Missiles
 w - a throwing net
Armour
 g - a +1 pair of gloves (worn)
 p - a +1 pair of boots (worn)
Magical Staves
 m - a staff of poison
Jewellery
 b - a ring of resist corrosion (left hand)
 c - a ring of ice
 u - a +6 ring of dexterity
Wands
 l - a wand of charming (3)
Scrolls
 d - 3 scrolls of vulnerability
 j - a scroll of magic mapping {unknown}
 k - a scroll of blinking {unknown}
 t - 3 scrolls of amnesia
 v - 3 scrolls of identify
 x - a scroll of brand weapon {unknown}
Potions
 e - a potion of cancellation
 h - a potion of mutation {unknown}
 i - a potion of berserk rage {unknown}
 n - 2 potions of attraction {unknown}
 o - a potion of ambrosia {unknown}
 q - a potion of flight {unknown}
 r - a potion of curing {unknown}


   Skills:
 - Level 1.7 Dodging
 - Level 1.7 Stealth
 - Level 3.0 Spellcasting
 * Level 8.4 Conjurations
 + Level 0.1 Translocations


You had 4 spell levels left.
You knew the following spells:

 Your Spells              Type           Power      Damage    Failure   Level
a - Magic Dart            Conj           100%       1d8       1%          1
p - Apportation           Tloc           6%         N/A       13%         1
x - Iskenderun's Mystic   Conj/Tloc      21%        2d6       22%         4
z - Searing Ray           Conj           76%        2d7       1%          2

Your spell library contained the following spells:

 Spells                   Type           Power      Damage    Failure   Level
 Dazzling Flash           Conj/Hex       40%        N/A       7%          3
 Sublimation of Blood     Necr           3%         N/A       21%         2
 Wereblood                Tmut           3%         N/A       21%         2
 Fulminant Prism          Conj/Hex       10%        3d9       24%         4
 Alistair's Intoxication  Tmut/Pois      2%         N/A       98%         5
 Summon Hydra             Summ           1%         N/A       100%        7


Dungeon Overview and Level Annotations

Branches:
Dungeon (5/15)             Temple (1/1) D:5

Altars:
Ashenzari
Cheibriados
Dithmenos
Elyvilon
Fedhas
Kikubaaqudgha
Makhleb
Nemelex Xobeh
Okawaru
Qazlal
Sif Muna
Trog
Uskayaw
Wu Jian
Xom
Yredelemnul
Zin
The Shining One

Shops:
D:1 :

Annotations:
D:5 Dowan


Innate Abilities, Weirdness & Mutations

Your dull iron-grey scales are very hard. (AC +11)
You are amphibious.
You cannot fit into any form of body armour.
You are cold-blooded and may be slowed by cold attacks.


Message History

Casting: Searing Ray (safe; 1% risk of failure)
Confirm with . or Enter, or press ? or * to list all spells.
Aiming: Searing Ray (safe; 1% risk of failure)
Press: ? - help, Shift-Dir - straight line The searing ray hits the two-headed ogre.
The two-headed ogre is heavily wounded.
The searing ray hits the white imp!
You kill the white imp!
Sif Muna accepts your kill. (Press . to maintain the ray.)
The two-headed ogre barely misses you. The two-headed ogre closely misses you.
The searing ray hits the two-headed ogre!
The two-headed ogre is severely wounded.
The two-headed ogre barely misses you.
The two-headed ogre hits you with a +0 giant spiked club!
The searing ray hits the two-headed ogre.
The two-headed ogre is severely wounded.
The searing ray hits the two-headed ogre.
The two-headed ogre is almost dead.
You finish channelling your searing ray.
The two-headed ogre hits you but does no damage.
The two-headed ogre closely misses you.
Unknown command.
Casting: Searing Ray (safe; 1% risk of failure)
Confirm with . or Enter, or press ? or * to list all spells.
Aiming: Searing Ray (safe; 1% risk of failure)
Press: ? - help, Shift-Dir - straight line The searing ray hits the two-headed ogre.
The two-headed ogre is almost dead. (Press . to maintain the ray.)
The two-headed ogre hits you with a +0 giant club!
The two-headed ogre hits you with a +0 giant spiked club!
* * * LOW HITPOINT WARNING * * *
Unknown command.
You feel much better. Magic courses through your body.
The two-headed ogre hits you with a +0 giant club!!
* * * LOW HITPOINT WARNING * * *
The two-headed ogre hits you with a +0 giant spiked club!
You die...

#.. ##># ## #.# #.# ##
###.####### ..
#.........# #.
#.#.#####.# #.
#.#.#####.#####
#.####O###.<...........#
#......@......####.###.#
#..###.###.........# #.#
#. ##...###### #.# ..
##.## #.# ### #.# ####.#
#.# #....# ##.### ##+##
#.#### ....# ##...## #.#
#.#.# ##.(...## #.####


You could see a two-headed ogre.

Vanquished Creatures
  A water moccasin (D:5)
  Blork the orc (D:4)
  A scorpion (D:5)
  A howler monkey (D:5)
  An orc priest (D:5)
  2 iguanas
  3 orc wizards (D:5)
  Ijyb (D:4)
  3 adders
  A gnoll (D:1)
  3 white imps (D:5)
  2 worms
  2 dart slugs
  10 orcs
  5 bats (D:1)
  4 endoplasms
  5 giant cockroaches
  9 goblins
  7 hobgoblins
  7 jackals (D:1)
  12 kobolds
  4 quokkas
  2 ball pythons
  3 frilled lizards
  3 rats (D:1)
93 creatures vanquished.

Notes
Turn   | Place    | Note
-------+----------+-------------------------------------------
     0 | D:1      | experimilk the Draconian Conjurer began the quest for the
                  | Orb.
     0 | D:1      | Reached XP level 1. HP: 14/14 MP: 3/3
   291 | D:1      | Reached XP level 2. HP: 20/20 MP: 1/5
   294 | D:1      | Learned a level 2 spell: Searing Ray
   617 | D:1      | Found a faded altar of an unknown god.
   787 | D:1      | Reached XP level 3. HP: 26/26 MP: 3/6
  1469 | D:1      | Found Gidoq's Book Emporium.
  1850 | D:2      | Reached skill level 5 in Conjurations
  2365 | D:2      | Reached XP level 4. HP: 33/33 MP: 3/8
  2874 | D:3      | Found an iron altar of Okawaru.
  3805 | D:4      | Noticed Ijyb
  3818 | D:4      | Killed Ijyb
  3907 | D:4      | Reached XP level 5. HP: 38/38 MP: 6/9
  3958 | D:4      | Noticed Blork the orc
  4001 | D:4      | Killed Blork the orc
  4002 | D:4      | Reached skill level 6 in Conjurations
  5137 | D:5      | Entered Level 5 of the Dungeon
  5200 | D:5      | Noticed Dowan
  5227 | D:5      | Reached XP level 6. HP: 39/45 MP: 2/10
  5317 | D:5      | Reached skill level 7 in Conjurations
  5466 | D:5      | Found a staircase to the Ecumenical Temple.
  5642 | Temple   | Entered the Ecumenical Temple
  5943 | Temple   | Became a worshipper of Sif Muna the Loreminder
  6367 | D:5      | Reached skill level 8 in Conjurations
  6544 | D:5      | Noticed a water moccasin
  6551 | D:5      | Killed a water moccasin
  6552 | D:5      | Your scales start taking on a dull iron-grey colour.
  6552 | D:5      | Reached XP level 7. HP: 42/50 MP: 1/11
  6657 | D:5      | Learned a level 1 spell: Apportation
  6662 | D:5      | Learned a level 4 spell: Iskenderun's Mystic Blast
  6680 | D:5      | Noticed a two-headed ogre
  6692 | D:5      | Slain by a two-headed ogre

Illustrated notes

Levels and vault maps discovered:
D:1:      scummos_arrival_checkerplants, layout_basic, serial_shops,
          nicolae_diamond_shop, dilly_ecumenical_altar_fadedgnrine
D:2:      layout_basic, minivault_26
D:3:      layout_loops_ring, okawaru_ov_weapons_minmay
D:4:      layout_basic, uniq_ijyb, uniq_blork_the_orc
D:5:      layout_loops_corners, minmay_temple_entry_mist, uniq_duvessa
Temple:   minmay_temple_bridge_d

Skill      XL: |  1  2  3  4  5  6 |
---------------+-------------------+-----
Conjurations   | 5 6 8 |  8.4
Spellcasting   | 3 |  3.0
Dodging        | |  1.7
Stealth        | |  1.7
Translocations | |  0.1

Action                   |  1- 3 |  4- 6 |  7- 9 || total
-------------------------+-------+-------+-------++-------
Melee: Short sword       |    42 |     4 |       ||    46
       Unarmed           |     6 |       |       ||     6
       Tailslap          |     5 |     1 |       ||     6
       Dagger            |       |     5 |       ||     5
 Cast: Magic Dart        |    77 |    63 |       ||   140
       Searing Ray       |     2 |    24 |     3 ||    29
Evoke: Wand              |       |     1 |     1 ||     2
  Use: Scroll            |     3 |     4 |       ||     7
       Potion            |       |       |     2 ||     2
Armor: Skin              |    29 |     8 |     1 ||    38
Dodge: Dodged            |    44 |    12 |     5 ||    61

Table legend: (Time is in decaauts)
 A = Elapsed time spent in this place.
 B = Non-inter-level travel time spent in this place.
 C = Inter-level travel time spent in this place.
 D = Time resting spent in this place.
 E = Time spent auto-exploring this place.
 F = Levels seen in this place.
 G = Mean time per level.
                   A        B        C        D        E       F      G
               +--------+--------+--------+--------+--------+-----+--------+
         Total |   6691 |   6375 |    316 |   1218 |   4548 |   6 | 1115.2 |
       Dungeon |   6316 |   6149 |    167 |   1218 |   4335 |   5 | 1263.2 |
        Temple |    374 |    225 |    149 |      0 |    213 |   1 |  374.0 |
               +--------+--------+--------+--------+--------+-----+--------+

Top non-repeatable levels by time:
     D:1: 1769 daAuts
     D:4: 1339 daAuts
     D:5: 1182 daAuts
     D:3: 1049 daAuts
     D:2: 976 daAuts
  Temple: 374 daAuts
